AoeStats
← Kant be real

Arena

510394353Analyzed
4v4 RM · 8h ago on Sep 30, 2026· 39m 37s· 8 players
Game mode
Random Map
Map size
Large (8 player)
Population
200
Speed
Normal
Resources
Standard
Victory
Conquest
Starting age
Dark Age
Ending age
Imperial Age
RankedLock teamsTeams togetherTeam positionsShared explorationLock speedFull tech treeHidden civsTurbo modeCheats
Victory
Defeat
🇲🇽 Hindustanis · Mexico
1693
+11
🇵🇪 Burgundians · Peru
1566
+17
🇦🇷 Teutons · Argentina
1562
+17
🇦🇷 Malians · Argentina
1533
+18
🇩🇪 Wei · Germany
1629
-18
🇩🇪 Varangians · Germany
1585
-16
🇭🇺 Slavs · Hungary
1564
-15
🇩🇪 Italians · Germany
1542
-14
🦌 Jolly Jumper
8:33 Feudal Age
8:54 Horse Collar
9:01 Double-Bit Axe
11:45 Gold Mining
13:22 Wheelbarrow
16:37 Castle Age
14:36 Stone Mining
17:53 Bow Saw
18:19 Heavy Plow
19:42 Loom
23:47 Imperial Age
25:48 Town Watch
26:10 Fletching
29:37 Stone Shaft Mining
29:36 Hand Cart
36:13 Bodkin Arrow
tschipe2_0
10:16 Feudal Age
14:42 Castle Age
12:46 Double-Bit Axe
23:19 Bow Saw
24:03 Horse Collar
27:05 Stone Mining
29:04 Gold Mining
32:02 Imperial Age
34:19 Fletching
36:29 Chemistry
35:27 Bodkin Arrow
36:52 Bracer
37:59 Scale Barding Armor
38:00 Cavalier
DraveczB
11:02 Feudal Age
15:02 Castle Age
12:57 Double-Bit Axe
13:22 Horse Collar
20:55 Wheelbarrow
22:04 Loom
22:49 Bloodlines
22:56 Forging
24:28 Scale Barding Armor
26:49 Pikeman
27:30 Squires
28:06 Iron Casting
27:31 Scale Mail Armor
27:33 Gold Mining
27:33 Stone Mining
27:45 Heavy Plow
27:56 Bow Saw
33:04 Imperial Age
31:57 Chain Mail Armor
32:02 Chain Barding Armor
31:58 Husbandry
32:18 Hand Cart
31:48 Town Watch
33:11 Detinets
33:05 Halberdier
34:47 Blast Furnace
34:17 Plate Mail Armor
33:49 Druzhina
34:09 Conscription
36:25 Town Patrol
36:21 Elite Boyar
37:37 Plate Barding Armor
39:00 Gold Shaft Mining
🦌 Magge
10:52 Feudal Age
14:32 Castle Age
13:02 Double-Bit Axe
14:31 Bloodlines
14:40 Scale Barding Armor
14:50 Loom
16:00 Squires
19:24 Bow Saw
20:27 Horse Collar
21:00 Husbandry
21:27 Heavy Plow
22:51 Wheelbarrow
28:18 Hand Cart
29:07 Town Watch
31:33 Gambesons
31:51 Squires
31:37 Arson
32:00 Gold Mining
32:01 Stone Mining
34:48 Imperial Age
32:08 Vendel Legacy
32:53 Scale Mail Armor
32:36 Treadmill Crane
33:08 Masonry
33:22 Husbandry
33:35 Forging
34:24 Chain Barding Armor
35:05 Stone Shaft Mining
35:25 Iron Casting
35:08 Cavalier
36:26 Plate Barding Armor
37:15 Fletching
Rv
10:24 Feudal Age
14:09 Castle Age
12:27 Horse Collar
12:32 Double-Bit Axe
12:40 Horse Collar
15:33 Bow Saw
17:10 Forging
22:25 Wheelbarrow
23:12 Heavy Plow
23:33 Loom
27:46 Imperial Age
26:00 Scale Barding Armor
25:58 Town Watch
26:27 Bloodlines
26:42 Husbandry
27:03 Chain Barding Armor
27:46 Padded Archer Armor
29:39 Chemistry
29:17 Plate Barding Armor
28:04 Heavy Camel Rider
29:56 Iron Casting
30:05 Shatagni
30:22 Gold Mining
30:23 Stone Mining
31:13 Leather Archer Armor
31:54 Hand Cart
32:24 Grand Trunk Road
33:34 Blast Furnace
33:20 Siege Engineers
34:51 Gold Shaft Mining
34:51 Stone Shaft Mining
35:21 Ring Archer Armor
35:14 Ballistics
35:38 Conscription
35:48 Imperial Camel Rider
37:00 Coinage
36:56 Masonry
37:14 Murder Holes
37:11 Fletching
37:50 Bodkin Arrow
38:47 Banking
39:57 Two-Man Saw
Kant be real
6:10 Loom
8:26 Feudal Age
9:00 Double-Bit Axe
13:29 Fletching
19:38 Horse Collar
23:58 Castle Age
25:04 Gold Mining
25:27 Bow Saw
25:39 Heavy Plow
29:18 Imperial Age
27:46 Padded Archer Armor
28:43 Leather Archer Armor
30:29 Wheelbarrow
30:58 Chemistry
30:38 Ring Archer Armor
BigBanana
4:24 Double-Bit Axe
7:14 Horse Collar
11:46 Feudal Age
15:21 Castle Age
13:26 Heavy Plow
14:02 Bow Saw
15:56 Wheelbarrow
17:06 Two-Man Saw
16:44 Crop Rotation
20:00 Loom
20:33 Hand Cart
20:06 Town Watch
21:48 Gold Mining
23:01 Stone Mining
23:48 Gold Shaft Mining
29:41 Imperial Age
27:50 Stone Shaft Mining
27:05 Cavalier
27:46 Husbandry
27:53 Scale Barding Armor
28:14 Forging
29:00 Chain Barding Armor
30:08 Iron Casting
30:24 Paladin
31:16 Burgundian Vineyards
31:22 Fletching
31:54 Ballistics
34:13 Chemistry
33:32 Padded Archer Armor
34:09 Plate Barding Armor
34:06 Bodkin Arrow
34:48 Bracer
35:50 Blast Furnace
34:15 Elite Skirmisher
36:08 Leather Archer Armor
35:33 Light Cavalry
37:47 Scale Mail Armor
37:37 Hussar
40:11 Conscription
40:26 Hoardings
martincho
9:35 Feudal Age
13:36 Castle Age
12:28 Double-Bit Axe
13:33 Horse Collar
16:18 Bow Saw
22:29 Scale Mail Armor
22:40 Forging
25:50 Squires
28:06 Wheelbarrow
27:50 Loom
30:45 Chain Mail Armor
31:05 Iron Casting
29:52 Man-at-Arms
31:46 Heavy Plow
31:20 Pikeman
32:22 Long Swordsman
34:25 Hand Cart
Connection lost

Rejoining the realm…

Still unreachable

The connection could not be restored.

Session expired

The server has moved on; the page needs a fresh start.